XFBL
SAN FRANCISCO GIANTS @ ATLANTA BRAVES
09/06/1982
 
TOP OF THE 1ST
San Francisco Giants batting - Pitching for Atlanta Braves : RHP Gary Carter
Pitching: RHP Gary Carter
Batting: LHB Ken Griffey Sr 0-0: SINGLE (Groundball, 6D, EV 107.5 MPH)
Batting: SHB Larry Reynolds 0-0: Swinging Strike
0-1: Swinging Strike
0-2: Strikes out swinging
Batting: LHB Keith Hernandez 0-0: Foul Ball, location: 2F
0-1: Ball
1-1: Called Strike
1-2: Strikes out looking
Batting: RHB Phil Bailey 0-0: Called Strike
0-1: Fly out, F9 (Flyball, 9, EV 76.9 MPH)
Top of the 1st over - 0 runs, 1 hit, 0 errors, 1 left on base; San Francisco 0 - Atlanta 0
BOTTOM OF THE 1ST
Atlanta Braves batting - Pitching for San Francisco Giants : RHP Tom Owens
Pitching: RHP Tom Owens
Batting: SHB Tony Fernandez 0-0: Ball
1-0: Ball
2-0: Ball
3-0: Called Strike
3-1: Called Strike
3-2: Base on Balls
Batting: LHB Mike Hargrove 0-0: Ball
1-0: Ball
2-0: Swinging Strike
2-1: Fly out, F8 (Flyball, 89D, EV 100.6 MPH)
Batting: LHB Leon Durham 0-0: Ball
1-0: Ball
Tony Fernandez is caught stealing 2nd base 2-6
2-0: SINGLE (Groundball, 3D, EV 108.8 MPH)
Batting: LHB Bobby Murcer 0-0: Ball
1-0: Called Strike
1-1: Ball
2-1: Fly out, F7 (Line Drive, 7, EV 99.4 MPH)
Bottom of the 1st over - 0 runs, 1 hit, 0 errors, 1 left on base; San Francisco 0 - Atlanta 0
TOP OF THE 2ND
San Francisco Giants batting - Pitching for Atlanta Braves : RHP Gary Carter
Batting: RHB Don Slaught 0-0: Ball
1-0: Ball
2-0: DOUBLE (Line Drive, 9LS, EV 93.1 MPH)
Batting: SHB Tyler O'Dell 0-0: Called Strike
0-1: Ball
1-1: Ball
2-1: Foul Ball, location: 2F
2-2: Strikes out swinging
Batting: RHB Kevin Howard 0-0: SINGLE (Flyball, 3D, EV 94.4 MPH)
Don Slaught to third
Batting: RHB Billy L Smith 0-0: Ball
Wild Pitch!
Don Slaught scores
Kevin Howard to second
1-0: Called Strike
1-1: Swinging Strike
1-2: Ball
2-2: Ball
3-2: 2-RUN HOME RUN (Flyball, 89XD, EV 87.5 MPH), Distance : 399 ft
Batting: RHB Tom Owens 0-0: Ball
1-0: Swinging Strike
1-1: Ground out 6-3 (Groundball, 6, EV 83.8 MPH)
Batting: LHB Ken Griffey Sr 0-0: Swinging Strike
0-1: Fly out, F8 (Flyball, 78D, EV 109.4 MPH)
Top of the 2nd over - 3 runs, 3 hits, 0 errors, 0 left on base; San Francisco 3 - Atlanta 0
BOTTOM OF THE 2ND
Atlanta Braves batting - Pitching for San Francisco Giants : RHP Tom Owens
Batting: LHB Mike Scioscia 0-0: Ball
1-0: Swinging Strike
1-1: Ball
2-1: Fly out, F8 (Flyball, 89XD, EV 81.9 MPH)
Batting: LHB Joe L Morgan 0-0: Ball
1-0: Ball
2-0: Called Strike
2-1: Ball
3-1: Called Strike
3-2: Ground out 4-3 (Groundball, 4, EV 102.5 MPH)
Batting: LHB Matt Winters 0-0: Ball
1-0: Ball
2-0: SOLO HOME RUN (Flyball, 7LD, EV 108.8 MPH), Distance : 348 ft
Batting: RHB Gil Flores 0-0: Foul Ball, location: 2F
0-1: Ball
1-1: Called Strike
1-2: Fly out, F9 (Flyball, 89D, EV 105.0 MPH)
Bottom of the 2nd over - 1 run, 1 hit, 0 errors, 0 left on base; San Francisco 3 - Atlanta 1
TOP OF THE 3RD
San Francisco Giants batting - Pitching for Atlanta Braves : RHP Gary Carter
Batting: SHB Larry Reynolds 0-0: Ball
1-0: Ground out 4-3 (Groundball, 4, EV 104.4 MPH)
Batting: LHB Keith Hernandez 0-0: Ball
1-0: Called Strike
1-1: Swinging Strike
1-2: Ground out 6-3 (Groundball, 6S, EV 93.1 MPH)
Batting: RHB Phil Bailey 0-0: Ball
1-0: Ball
2-0: SINGLE (Flyball, 4MD, EV 90.0 MPH)
Batting: RHB Don Slaught 0-0: DOUBLE (Flyball, 8LD, EV 90.6 MPH)
Phil Bailey to third
Runner from 3rd tries for Home, SAFE, throw by CF to home
Batting: SHB Tyler O'Dell 0-0: Ball
1-0: Ball
2-0: Ball
3-0: Called Strike
3-1: Base on Balls
Batting: RHB Kevin Howard 0-0: Called Strike
0-1: Ball
1-1: Fly out, F7 (Line Drive, 7, EV 98.8 MPH)
Top of the 3rd over - 1 run, 2 hits, 0 errors, 2 left on base; San Francisco 4 - Atlanta 1
BOTTOM OF THE 3RD
Atlanta Braves batting - Pitching for San Francisco Giants : RHP Tom Owens
Batting: LHB Gary Carter 0-0: Swinging Strike
0-1: Foul Ball, location: 2F
0-2: Ball
1-2: Strikes out swinging
Batting: SHB Tony Fernandez 0-0: Called Strike
0-1: Ball
1-1: Ball
2-1: TRIPLE (Line Drive, 7D, EV 87.5 MPH)
Batting: LHB Mike Hargrove 0-0: Foul Ball, location: 2F
0-1: Foul Ball, location: 2F
0-2: Strikes out swinging
Batting: LHB Leon Durham 0-0: Ground out 6-3 (Groundball, 6M, EV 88.1 MPH)
Bottom of the 3rd over - 0 runs, 1 hit, 0 errors, 1 left on base; San Francisco 4 - Atlanta 1
TOP OF THE 4TH
San Francisco Giants batting - Pitching for Atlanta Braves : RHP Gary Carter
Batting: RHB Billy L Smith 0-0: Foul Ball, location: 2F
0-1: Ball
1-1: Ball
2-1: Ball
3-1: Called Strike
3-2: Foul Ball, location: 2F
3-2: Foul Ball, location: 2F
3-2: Foul Ball, location: 2F
3-2: Base on Balls
Batting: RHB Tom Owens 0-0: Sac Bunt to 25 - play at first, batter OUT! 5-4
Billy L Smith to second
Batting: LHB Ken Griffey Sr 0-0: Intentional Walk
Batting: SHB Larry Reynolds 0-0: DOUBLE (Line Drive, 9LS, EV 94.4 MPH)
Billy L Smith scores
Ken Griffey Sr to third
Runner from 3rd tries for Home, SAFE, no throw by RF
Batting: LHB Keith Hernandez 0-0: Intentional Walk
Batting: RHB Phil Bailey 0-0: Ball
1-0: Ball
2-0: Ball
3-0: Called Strike
3-1: Foul Ball, location: 2F
3-2: SINGLE (Line Drive, 7LS, EV 105.6 MPH)
Larry Reynolds to third
Keith Hernandez to second
Larry Reynolds scores
Keith Hernandez to third
Pitching: RHP Migel Puente
Batting: RHB Don Slaught 0-0: Ball
Wild Pitch!
Keith Hernandez scores
Phil Bailey to second
1-0: Called Strike
1-1: Ball
2-1: DOUBLE (Flyball, 8RXD, EV 99.4 MPH)
Phil Bailey scores
Batting: SHB Tyler O'Dell 0-0: Ball
1-0: Foul Ball, location: 2F
1-1: Called Strike
1-2: Ball
2-2: Foul Ball, location: 2F
2-2: Foul Ball, location: 2F
2-2: Ball
3-2: Ground out 6-3 (Groundball, 6, EV 108.8 MPH)
Batting: RHB Kevin Howard 0-0: Ball
1-0: Called Strike
1-1: Foul Ball, location: 2F
1-2: Hit by Pitch
Batting: RHB Billy L Smith 0-0: Called Strike
0-1: SINGLE (Groundball, 23, EV 68.1 MPH) (infield hit)
Don Slaught to third
Kevin Howard to second
Batting: RHB Tom Owens 0-0: Called Strike
0-1: Ball
1-1: Ball
2-1: Ground out 1-3 (Groundball, 34S, EV 65.6 MPH)
Top of the 4th over - 5 runs, 4 hits, 0 errors, 3 left on base; San Francisco 9 - Atlanta 1
BOTTOM OF THE 4TH
Atlanta Braves batting - Pitching for San Francisco Giants : RHP Tom Owens
Batting: LHB Bobby Murcer 0-0: Ball
1-0: Ball
2-0: Ball
3-0: Called Strike
3-1: SINGLE (Groundball, 4MD, EV 98.1 MPH)
Batting: LHB Mike Scioscia 0-0: Ball
1-0: Fielders Choice at 2nd, 3-6 (Groundball, 34, EV 82.5 MPH)
Batting: LHB Joe L Morgan 0-0: Called Strike
0-1: Ball
1-1: Ball
2-1: Foul Ball, location: 2F
2-2: Ball
3-2: Ground out 3-1 (Groundball, 3S, EV 70.0 MPH)
Mike Scioscia to second
Batting: LHB Matt Winters 0-0: Ground out 6-3 (Groundball, 56D, EV 85.6 MPH)
Bottom of the 4th over - 0 runs, 1 hit, 0 errors, 1 left on base; San Francisco 9 - Atlanta 1
TOP OF THE 5TH
San Francisco Giants batting - Pitching for Atlanta Braves : RHP Migel Puente
Batting: LHB Ken Griffey Sr 0-0: Swinging Strike
0-1: Ball
1-1: Fly out, F8 (Flyball, 8LM, EV 90.0 MPH)
Batting: SHB Larry Reynolds 0-0: Ball
1-0: Foul Ball, location: 2F
1-1: Ground out 1-3 (Groundball, 34S, EV 66.3 MPH)
Batting: LHB Keith Hernandez 0-0: Ball
1-0: Fly out, F7 (Line Drive, 7D, EV 92.5 MPH)
Top of the 5th over - 0 runs, 0 hits, 0 errors, 0 left on base; San Francisco 9 - Atlanta 1
BOTTOM OF THE 5TH
Atlanta Braves batting - Pitching for San Francisco Giants : RHP Tom Owens
Batting: RHB Gil Flores 0-0: Ball
1-0: Ball
2-0: SINGLE (Line Drive, 7S, EV 100.0 MPH)
Batting: RHB Migel Puente 0-0: Sac Bunt to 3S - play at first, batter OUT! 3-4
Gil Flores to second
Batting: SHB Tony Fernandez 0-0: Ground out 5-3 (Groundball, 5L, EV 104.4 MPH)
Batting: LHB Mike Hargrove 0-0: Ball
1-0: Ball
2-0: Foul Ball, location: 2F
2-1: Ball
3-1: Foul Ball, location: 2F
3-2: Foul Ball, location: 2F
3-2: Foul Ball, location: 2F
3-2: Base on Balls
Batting: LHB Leon Durham 0-0: Ball
1-0: Ball
2-0: Ball
3-0: Called Strike
3-1: Foul Ball, location: 2F
3-2: Ground out U3 (Groundball, 34S, EV 81.3 MPH)
Bottom of the 5th over - 0 runs, 1 hit, 0 errors, 2 left on base; San Francisco 9 - Atlanta 1
TOP OF THE 6TH
San Francisco Giants batting - Pitching for Atlanta Braves : RHP Migel Puente
Batting: RHB Phil Bailey 0-0: Swinging Strike
0-1: Swinging Strike
0-2: Fly out, F7 (Line Drive, 7, EV 93.1 MPH)
Batting: RHB Don Slaught 0-0: Ball
1-0: Swinging Strike
1-1: Swinging Strike
1-2: Ball
2-2: Fly out, F8 (Flyball, 8LD, EV 90.0 MPH)
Batting: SHB Tyler O'Dell 0-0: Ball
1-0: Foul Ball, location: 2F
1-1: Ground out U3 (Groundball, 13, EV 88.1 MPH)
Top of the 6th over - 0 runs, 0 hits, 0 errors, 0 left on base; San Francisco 9 - Atlanta 1
BOTTOM OF THE 6TH
Atlanta Braves batting - Pitching for San Francisco Giants : RHP Tom Owens
Batting: LHB Bobby Murcer 0-0: Ball
1-0: Ground out U3 (Groundball, 3, EV 105.6 MPH)
Batting: LHB Mike Scioscia 0-0: Ball
1-0: Ball
2-0: SINGLE (Line Drive, 7S, EV 92.5 MPH)
Batting: LHB Joe L Morgan 0-0: Ball
1-0: Called Strike
1-1: Foul Ball, location: 2F
1-2: Strikes out swinging
Batting: LHB Matt Winters 0-0: Ball
1-0: Ball
Wild Pitch!
Mike Scioscia to second
2-0: Ball
3-0: Called Strike
3-1: Fly out, F3 (Popup, 3L, EV 54.4 MPH)
Bottom of the 6th over - 0 runs, 1 hit, 0 errors, 1 left on base; San Francisco 9 - Atlanta 1
TOP OF THE 7TH
San Francisco Giants batting - Pitching for Atlanta Braves : RHP Migel Puente
Pinch Hitting: SHB Larry Milbourne 0-0: Ground out 5-3 (Groundball, 5, EV 85.6 MPH)
Batting: RHB Billy L Smith 0-0: Called Strike
0-1: Foul Ball, location: 2F
0-2: Ground out 4-3 (Groundball, 4S, EV 66.3 MPH)
Batting: RHB Tom Owens 0-0: Called Strike
0-1: Swinging Strike
0-2: Foul Ball, location: 2F
0-2: Ball
1-2: Foul Ball, location: 2F
1-2: Ground out 5-3 (Groundball, 5, EV 76.3 MPH)
Top of the 7th over - 0 runs, 0 hits, 0 errors, 0 left on base; San Francisco 9 - Atlanta 1
BOTTOM OF THE 7TH
Atlanta Braves batting - Pitching for San Francisco Giants : RHP Tom Owens
Now at 2B: Larry Milbourne
Batting: RHB Gil Flores 0-0: Ball
1-0: Ball
2-0: Ball
3-0: Called Strike
3-1: Fly out, F7 (Flyball, 7D, EV 102.5 MPH)
Batting: RHB Migel Puente 0-0: Called Strike
0-1: Ball
1-1: Fly out, F7 (Flyball, 78M, EV 80.6 MPH)
Batting: SHB Tony Fernandez 0-0: Ball
1-0: Ball
2-0: Foul Ball, location: 2F
2-1: Fly out, F5 (Flyball, 5D, EV 81.9 MPH)
Bottom of the 7th over - 0 runs, 0 hits, 0 errors, 0 left on base; San Francisco 9 - Atlanta 1
TOP OF THE 8TH
San Francisco Giants batting - Pitching for Atlanta Braves : RHP Migel Puente
Batting: LHB Ken Griffey Sr 0-0: Ball
1-0: Ground out 2-3 (Groundball, 2L, EV 73.1 MPH)
Batting: SHB Larry Reynolds 0-0: Ball
1-0: Ground out U3 (Groundball, 3S, EV 91.3 MPH)
Batting: LHB Keith Hernandez 0-0: Called Strike
0-1: Ball
1-1: Ball
2-1: Foul Ball, location: 2F
2-2: Ground out 4-3 (Groundball, 34, EV 98.8 MPH)
Top of the 8th over - 0 runs, 0 hits, 0 errors, 0 left on base; San Francisco 9 - Atlanta 1
BOTTOM OF THE 8TH
Atlanta Braves batting - Pitching for San Francisco Giants : RHP Tom Owens
Pitching: RHP Steven Miller
Batting: LHB Mike Hargrove 0-0: Called Strike
0-1: Swinging Strike
0-2: Ball
1-2: Fly out, F8 (Flyball, 8RXD, EV 86.3 MPH)
Batting: LHB Leon Durham 0-0: Ball
1-0: Ball
2-0: Called Strike
2-1: Called Strike
2-2: Fly out, F4 (Line Drive, 4, EV 71.3 MPH)
Batting: LHB Bobby Murcer 0-0: Ball
1-0: Ball
2-0: Called Strike
2-1: Ground out 4-3 (Groundball, 4, EV 87.5 MPH)
Bottom of the 8th over - 0 runs, 0 hits, 0 errors, 0 left on base; San Francisco 9 - Atlanta 1
TOP OF THE 9TH
San Francisco Giants batting - Pitching for Atlanta Braves : RHP Migel Puente
Batting: RHB Phil Bailey 0-0: Foul Ball, location: 2F
0-1: Foul Ball, location: 2F
0-2: Ground out 6-3 (Groundball, 56D, EV 108.1 MPH)
Batting: RHB Don Slaught 0-0: Fly out, F9 (Flyball, 9LM, EV 98.1 MPH)
Batting: SHB Tyler O'Dell 0-0: Ball
1-0: Called Strike
1-1: Ball
2-1: Ball
3-1: Foul Ball, location: 2F
3-2: Fly out, F4 (Line Drive, 4, EV 69.4 MPH)
Top of the 9th over - 0 runs, 0 hits, 0 errors, 0 left on base; San Francisco 9 - Atlanta 1
BOTTOM OF THE 9TH
Atlanta Braves batting - Pitching for San Francisco Giants : RHP Steven Miller
Batting: LHB Mike Scioscia 0-0: Called Strike
0-1: Ground out 4-3 (Groundball, 4, EV 82.5 MPH)
Batting: LHB Joe L Morgan 0-0: Foul Ball, location: 2F
0-1: Ball
1-1: Swinging Strike
1-2: Ball
2-2: Ball
3-2: Base on Balls
Batting: LHB Matt Winters 0-0: Swinging Strike
0-1: Foul Ball, location: 2F
0-2: Strikes out swinging
Batting: RHB Gil Flores 0-0: Ball
1-0: Ball
2-0: Ball
3-0: Base on Balls
Joe L Morgan to second
Pinch Hitting: SHB UL Washington 0-0: Called Strike
0-1: Swinging Strike
0-2: Ball
1-2: Strikes out swinging
Bottom of the 9th over - 0 runs, 0 hits, 0 errors, 2 left on base; San Francisco 9 - Atlanta 1
Friday, August 28th, 2020 - OOTP Baseball 21.5 Build 76